 Dungeon Sprint DCSS version 0.17.1-2-g5865329 (webtiles) character file.

185270 Ponchio the Archmage (level 17, -1/81 HPs)
             Began as a Deep Elf Fire Elementalist on Jan 19, 2016.
             Was the Champion of Vehumet.
             Slain by a jumping spider (8 damage)
             ... in the Dungeon (Sprint V: "Ziggurat Sprint").
             The game lasted 02:39:12 (5897 turns).

Ponchio the Archmage (Deep Elf Fire Elementalist)   Turns: 5897, Time: 02:39:12

Health: -1/81      AC:  1    Str:  3    XL:     17   Next: 80%
Magic:  46/56      EV: 20    Int: 40    God:    Vehumet [******]
Gold:   0          SH:  0    Dex: 24    Spells: 9 memorised, 17 levels left

rFire  + . .     SeeInvis .     I - +6 Majin-Bo {vamp, Archmagi MP+6 Int+6}
rCold  + . .     Clarity  .     G - +0 robe "Venoann" {*Confuse rPois rC+ MR++}
rNeg   + + .     SustAt   .     (shield currently unavailable)
rPois  +         Gourm    .     d - -5 helmet of the Cicada {Regen+ Dex+3}
rElec  +         Spirit   .     (no cloak)
rCorr  +         Warding  +     T - +0 pair of gloves {Str+3}
rMut   .         NoTele   +     X - +0 pair of boots "Wetey" {rF+ MR++ rCorr Str-5}
MR     +++++                    R - amulet of Cekugob {Ward -Tele rElec rPois rN++ AC+1 EV+1}
Stlth  +++.......               z - +6 ring of dexterity
                                A - +6 ring of intelligence

@: very slightly contaminated, held, regenerating, hasted, deflect missiles,
very quick, almost entirely resistant to hostile enchantments, fairly stealthy
A: no striking features
a: Renounce Religion


You were in the Dungeon.
You worshipped Vehumet.
Vehumet was exalted by your worship.
You were not hungry.

You visited 1 branch

Inventory:

Hand Weapons
 I - the +6 Majin-Bo (weapon) {vamp, Archmagi MP+6 Int+6}
   (You found it in the Dungeon)

   It inflicts no extra harm, but heals its wielder somewhat when it strikes a
   living foe.
   It affects your intelligence (+6).
   It affects your magic capacity (+6).
Armour
 d - the -5 helmet of the Cicada (worn) {Regen+ Dex+3}
   (You found it in the Dungeon)

   It affects your dexterity (+3).
   It increases your rate of regeneration.
 G - the +0 robe "Venoann" (worn) {*Confuse rPois rC+ MR++}
   (You found it in the Dungeon)

   It protects you from cold.
   It protects you from poison.
   It affects your resistance to hostile enchantments.
   It may confuse you when you take damage.
 T - a +0 pair of gloves of strength (worn)
 X - the +0 pair of boots "Wetey" (worn) {rF+ MR++ rCorr Str-5}
   (You found it in the Dungeon)

   It affects your strength (-5).
   It protects you from fire.
   It affects your resistance to hostile enchantments.
   It protects you from acid and corrosion.
Jewellery
 e - the amulet of Xom's Ringing Laughter {Regen+ Int+3 SInv}
   (You found it in the Dungeon)

   [amulet of regeneration]

   It affects your intelligence (+3).
   It lets you see invisible.
   It increases your rate of regeneration.
 t - an uncursed ring of positive energy
 x - an uncursed ring of protection from cold
 z - a +6 ring of dexterity (right hand)
 A - a +6 ring of intelligence (left hand)
 B - a +6 ring of intelligence
 C - a +6 ring of dexterity
 D - the cursed ring of Salvation {rPois EV-5}
   (You found it in the Dungeon)

   [ring of evasion]

   It affects your evasion (-5).
   It protects you from poison.
   It has a curse placed upon it.
 F - a +4 ring of evasion
 H - the amulet of Kikubaaqudgha's Favour {Stasis Str+3 Int+3}
   (You took it off a green draconian in the Dungeon)

   [amulet of stasis]

   It prevents you from being teleported, slowed, hasted or paralysed.
   It affects your strength (+3).
   It affects your intelligence (+3).
 R - the amulet of Cekugob (around neck) {Ward -Tele rElec rPois rN++ AC+1 EV+1}
   (You found it in the Dungeon)

   [amulet of warding]

   It may prevent the melee attacks of summoned creatures.
   It affects your AC (+1).
   It affects your evasion (+1).
   It insulates you from electricity.
   It protects you from poison.
   It greatly protects you from negative energy.
   It prevents most forms of teleportation.
 Z - an uncursed amulet of resist mutation
Wands
 E - a wand of hasting (2)
Scrolls
 i - 3 scrolls of blinking
 p - 2 scrolls of amnesia
 q - 3 scrolls of recharging
 s - a scroll of holy word
 u - 4 scrolls of remove curse
 v - 2 scrolls of brand weapon
 W - 4 scrolls of enchant weapon
Potions
 g - 2 potions of magic
 l - 3 potions of resistance
 J - 2 potions of haste
Books
 a - the Volume of Untold Secrets
   (You found it in the Dungeon)

   Spells                             Type                      Level
   a - Pain                           Necromancy                   1
   b - Sublimation of Blood           Necromancy                   2
   c - Mephitic Cloud                 Conjuration/Poison/Air       3
   d - Spider Form                    Transmutation/Poison         3
   e - Animate Dead                   Necromancy                   4
   f - Excruciating Wounds            Charms/Necromancy            5
 b - a book of Flames

   Spells                             Type                      Level
   a - Flame Tongue                   Conjuration/Fire             1
   b - Throw Flame                    Conjuration/Fire             2
   c - Conjure Flame                  Conjuration/Fire             3
   d - Inner Flame                    Hexes/Fire                   3
   e - Sticky Flame                   Conjuration/Fire             4
   f - Fireball                       Conjuration/Fire             5
 f - a book of Debilitation

   Spells                             Type                      Level
   a - Corona                         Hexes                        1
   b - Slow                           Hexes                        2
   c - Gell's Gravitas                Hexes/Translocation          3
   d - Inner Flame                    Hexes/Fire                   3
   e - Cause Fear                     Hexes                        4
   f - Leda's Liquefaction            Hexes/Earth                  4
 h - a book of Minor Magic

   Spells                             Type                      Level
   a - Magic Dart                     Conjuration                  1
   b - Blink                          Translocation                2
   c - Call Imp                       Summoning                    2
   d - Repel Missiles                 Charms/Air                   2
   e - Slow                           Hexes                        2
   f - Conjure Flame                  Conjuration/Fire             3
   g - Mephitic Cloud                 Conjuration/Poison/Air       3
 j - the Almanac of Scorching Conjuration
   (You found it in the Dungeon)

   Spells                             Type                      Level
   a - Throw Flame                    Conjuration/Fire             2
   b - Sticky Flame                   Conjuration/Fire             4
   c - Venom Bolt                     Conjuration/Poison           5
   d - Ring of Flames                 Charms/Fire                  7
 m - a book of Envenomations

   Spells                             Type                      Level
   a - Spider Form                    Transmutation/Poison         3
   b - Alistair's Intoxication        Transmutation/Poison         4
   c - Olgreb's Toxic Radiance        Poison                       4
   d - Poisonous Cloud                Conjuration/Poison/Air       6
 n - a book of the Dragon

   Spells                             Type                      Level
   a - Flame Tongue                   Conjuration/Fire             1
   b - Cause Fear                     Hexes                        4
   c - Bolt of Fire                   Conjuration/Fire             6
   d - Dragon Form                    Transmutation                7
   e - Dragon's Call                  Summoning                    9
 o - a book of Alchemy

   Spells                             Type                      Level
   a - Sublimation of Blood           Necromancy                   2
   b - Ignite Poison                  Fire/Transmutation/Poison    3
   c - Alistair's Intoxication        Transmutation/Poison         4
   d - Condensation Shield            Ice                          4
   e - Petrify                        Transmutation/Earth          4
   f - Irradiate                      Conjuration/Transmutation    5
 r - a book of Necromancy

   Spells                             Type                      Level
   a - Pain                           Necromancy                   1
   b - Animate Skeleton               Necromancy                   1
   c - Vampiric Draining              Necromancy                   3
   d - Regeneration                   Charms/Necromancy            3
   e - Animate Dead                   Necromancy                   4
   f - Control Undead                 Necromancy                   4
 y - the Compendium of Cankerous Translocation
   (You found it in the Dungeon)

   Spells                             Type                      Level
   a - Sting                          Conjuration/Poison           1
   b - Apportation                    Translocation                1
   c - Recall                         Summoning/Translocation      3
   d - Alistair's Intoxication        Transmutation/Poison         4
   e - Phase Shift                    Translocation                5
   f - Poisonous Cloud                Conjuration/Poison/Air       6
 M - a book of Flames

   Spells                             Type                      Level
   a - Flame Tongue                   Conjuration/Fire             1
   b - Throw Flame                    Conjuration/Fire             2
   c - Conjure Flame                  Conjuration/Fire             3
   d - Inner Flame                    Hexes/Fire                   3
   e - Sticky Flame                   Conjuration/Fire             4
   f - Fireball                       Conjuration/Fire             5
 N - the Guide on Curses and the Compass
   (You found it in the Dungeon)

   Spells                             Type                      Level
   a - Apportation                    Translocation                1
   b - Shroud of Golubria             Charms/Translocation         2
   c - Confusing Touch                Hexes                        2
   d - Confuse                        Hexes                        3
   e - Warp Weapon                    Charms/Translocation         5
   f - Summon Mana Viper              Hexes/Summoning              5
 O - a book of Frost

   Spells                             Type                      Level
   a - Freeze                         Ice                          1
   b - Throw Frost                    Conjuration/Ice              2
   c - Ozocubu's Armour               Charms/Ice                   3
   d - Throw Icicle                   Conjuration/Ice              4
   e - Summon Ice Beast               Ice/Summoning                4
   f - Condensation Shield            Ice                          4
 Q - the Handbook of Lethal Curses
   (You found it in the Dungeon)

   Spells                             Type                      Level
   a - Animate Skeleton               Necromancy                   1
   b - Gell's Gravitas                Hexes/Translocation          3
   c - Fulminant Prism                Conjuration/Hexes            4
   d - Summon Mana Viper              Hexes/Summoning              5
   e - Simulacrum                     Ice/Necromancy               6
 S - Fainiag's Almanac of the Rocks
   (You found it in the Dungeon)

   Spells                             Type                      Level
   a - Sandblast                      Earth                        1
   b - Petrify                        Transmutation/Earth          4
   c - Iron Shot                      Conjuration/Earth            6
 U - a book of Enchantments

   Spells                             Type                      Level
   a - Cause Fear                     Hexes                        4
   b - Silence                        Hexes/Air                    5
   c - Deflect Missiles               Charms/Air                   6
   d - Haste                          Charms                       6
   e - Discord                        Hexes                        8
 V - a book of Conjurations

   Spells                             Type                      Level
   a - Magic Dart                     Conjuration                  1
   b - Searing Ray                    Conjuration                  2
   c - Dazzling Spray                 Conjuration/Hexes            3
   d - Fulminant Prism                Conjuration/Hexes            4
   e - Iskenderun's Mystic Blast      Conjuration                  4
   f - Iskenderun's Battlesphere      Conjuration/Charms           5
Miscellaneous
 k - 5 phantom mirrors
 K - a phial of floods
 L - a fan of gales
 Y - a lamp of fire
Comestibles
 c - 4 bread rations
 w - 37 fruits
 P - 6 royal jellies


   Skills:
 - Level 0.4 Fighting
 - Level 0.2 Staves
 O Level 27 Dodging
 - Level 3.3 Stealth
 O Level 27 Spellcasting
 + Level 23.5 Conjurations
   Level 22.7 Hexes
 - Level 9.1 Charms
 - Level 7.1 Necromancy
 - Level 24.2 Fire Magic
 - Level 19.9 Ice Magic
 - Level 21.8 Air Magic
 - Level 10.7 Earth Magic
 - Level 8.0 Evocations


You had 17 spell levels left.
You knew the following spells:

 Your Spells              Type           Power        Failure   Level  Hunger
a - Flame Tongue          Conj/Fire      #####        0%          1    None
b - Tornado               Air            ########..   1%          9    None
c - Iron Shot             Conj/Erth      ########..   1%          6    None
d - Deflect Missiles      Chrm/Air       ########..   1%          6    None
e - Glaciate              Conj/Ice       ########..   1%          9    None
f - Throw Icicle          Conj/Ice       ########     0%          4    None
g - Haste                 Chrm           ########     1%          6    None
h - Fire Storm            Conj/Fire      #########.   1%          9    None
i - Regeneration          Chrm/Necr      ########..   1%          3    None


Dungeon Overview and Level Annotations

Branches:
Dungeon (1/1)

Altars:
Ashenzari
Cheibriados
Dithmenos
Elyvilon
Fedhas
Gozag
Kikubaaqudgha
Makhleb
Nemelex Xobeh
Okawaru
Qazlal
Ru
Sif Muna
Trog
Vehumet
Xom
Yredelemnul
Zin
The Shining One
Beogh
Jiyva
Lugonu


Message History

You kill the wasp!
Vehumet accepts your kill.
You feel your power returning.
You hear a sizzling sound! x9
* * * LOW HITPOINT WARNING * * *
Something hits your fire vortex! Something hits your fire vortex.
Something hits your fire vortex!
The jumping spider leaps!
Vehumet accepts your kill.
You feel a bit more experienced. Vehumet accepts your kill.
You feel a bit more experienced. Vehumet accepts your kill.
You feel a bit more experienced.
Your fire vortex is engulfed in freezing vapours.
The jumping spider completely misses you. x2
You barely miss the jumping spider. The jumping spider pounces on you!!
* * * LOW HITPOINT WARNING * * *
You are caught in a web!
The jumping spider bites you!
You die...

.......▓
......88§.......
.......▓
................
.......▓
.................
..▓....▓
....v............
.▓▓▓...▓
...▓.........▓...
..▓....▓
.................
.......▓
.................
.......▓
......s..........
.......▓
.......@.........
▓▓▓▓▓▓
▓▓▓▓▓▓▓▓▓▓▓▓▓▓▓▓▓


You could see a jumping spider.

Vanquished Creatures
  A greater mummy (D)
  A shard shrike (D)
  A Killer Klown (D)
  2 liches (D)
  A tentacled monstrosity (D)
  2 Shadow Fiends (D)
  3 deep elf master archers (D)
  12 Orb Guardians (D)
  A death cob (D)
  2 acid blobs (D)
  4 shadow dragons (D)
  2 storm dragons (D)
  4 azure jellies (D)
  3 ghost moths (D)
  A deep elf sorcerer (D)
  A draconian scorcher (D)
  A draconian shifter (D)
  A balrug (D)
  A ghoul (D)
  4 orc warlords (D)
  14 stone giants (D)
  A draconian caller (D)
  2 green draconians (D)
  A deep elf annihilator (D)
  5 purple draconians (D)
  7 black draconians (D)
  A white draconian (D)
  3 mottled draconians (D)
  3 red draconians (D)
  4 yellow draconians (D)
  6 merfolk javelineers (D)
  4 death oozes (D)
  4 fire dragons (D)
  A mummy priest (D)
  A blizzard demon (D)
  3 yaktaur captains (D)
  An entropy weaver (D)
  A great orb of eyes (D)
  An ice dragon (D)
  7 centaur warriors (D)
  An orc high priest (D)
  A deep elf knight (D)
  5 skeletal warriors (D)
  3 soul eaters (D)
  A death scarab (D)
  A hell knight (D)
  6 ice devils (D)
  A giant orange brain (D)
  A deep elf summoner (D)
  3 deep elf conjurers (D)
  A griffon (D)
  3 wolf spiders (D)
  2 orb spiders (D)
  2 orc knights (D)
  3 shining eyes (D)
  5 necromancers (D)
  An orc sorcerer (D)
  8 cyclopes (D)
  3 draconians (D)
  2 black mambas (D)
  6 moths of wrath (D)
  A spiny frog (D)
  5 hornets (D)
  2 eyes of devastation (D)
  A fire drake (D)
  A hellion (D)
  4 yaktaurs (D)
  7 demonic crawlers (D)
  3 freezing wraiths (D)
  4 guardian mummies (D)
  A deep elf priest (D)
  A blue devil (D)
  5 jumping spiders (D)
  12 slime creatures (D)
  A two-headed ogre (D)
  A crocodile (D)
  4 flying skulls (D)
  6 shadows (D)
  6 trapdoor spiders (D)
  3 deep elf magi (D)
  2 deep elf fighters (D)
  3 wraiths (D)
  4 tarantellas (D)
  4 vampires (D)
  2 golden eyes (D)
  A neqoxec (D)
  A warg (D)
  A hell hound (D)
  A hippogriff (D)
  An ice beast (D)
  A spider (D)
  2 necrophages (D)
  2 centaurs (D)
  5 wasps (D)
  A small abomination (D)
  8 wights (D)
  A crimson imp (D)
  5 orc priests (D)
  A quasit (D)
  2 iron imps (D)
  5 jellies (D)
  3 iguanas (D)
  4 orc wizards (D)
  7 mummies (D)
  4 white imps (D)
  2 giant eyeballs (D)
  An ufetubus (D)
  5 oozes (D)
  7 adder skeletons (D)
  6 adder zombies (D)
  24 orcs (D)
  10 bat skeletons (D)
  9 bat zombies (D)
  2 giant cockroach zombies (D)
  2 giant gecko skeletons (D)
  3 jackal skeletons (D)
  A jackal zombie (D)
  2 quokka skeletons (D)
  4 quokka zombies (D)
  5 blocks of ice (D)
  43 fire vortices (D)
442 creatures vanquished.

Vanquished Creatures (collateral kills)
  A deep elf blademaster (D)
  3 acid blobs (D)
  A storm dragon (D)
  A stone giant (D)
  A hell knight (D)
  A spiny frog (D)
  A deep elf conjurer (D)
  A draconian (D)
  An octopode (shapeshifter) (D)
  An eye of devastation (D)
  A moth of wrath (D)
  A red devil (D)
  A blink frog (D)
  6 slime creatures (D)
  A trapdoor spider (D)
  A deep elf mage (D)
  A redback (D)
  A yak (D)
  A hippogriff (D)
  A warg (D)
  A hell hound (D)
  3 porcupines (D)
  A centaur (D)
  3 crocodiles (D)
  2 wights (D)
  A crimson imp (D)
  2 jellies (D)
  A white imp (D)
  An adder zombie (D)
  An orc (D)
  A bat skeleton (D)
  A bat zombie (D)
  2 ball python zombies (D)
  A giant cockroach zombie (D)
  A jackal zombie (D)
  2 quokka skeletons (D)
51 creatures vanquished.

Vanquished Creatures (others)
  An eldritch tentacle (D)
  A deep elf blademaster (D)
  A deep elf sorcerer (D)
  A necromancer (D)
  A deep elf conjurer (D)
  A black mamba (D)
  A komodo dragon (D)
  A shadow (D)
  A wight (D)
  A jelly (D)
  A giant eyeball (D)
  2 oozes (D)
  6 blocks of ice (D)
  98 eldritch tentacle segments (D)
  100 fire vortices (D)
217 creatures vanquished.

Grand Total: 710 creatures vanquished

Notes
Turn   | Place    | Note
--------------------------------------------------------------
     0 | D        | Ponchio the Deep Elf Fire Elementalist began the quest for the Orb.
     0 | D        | Reached XP level 1. HP: 10/10 MP: 6/6
     0 | D        | Found a roughly hewn altar of Beogh.
     0 | D        | Found a viscous altar of Jiyva.
     0 | D        | Found a corrupted altar of Lugonu.
     0 | D        | Found a white marble altar of Elyvilon.
     0 | D        | Found a sparkling altar of Nemelex Xobeh.
     1 | D        | Found a burning altar of Makhleb.
     1 | D        | Found an iron altar of Okawaru.
     1 | D        | Found a deep blue altar of Sif Muna.
     1 | D        | Found a radiant altar of Vehumet.
     1 | D        | Found a bloodstained altar of Trog.
     1 | D        | Found a shimmering altar of Xom.
    34 | D        | Became a worshipper of Vehumet
    92 | D        | Entered arena 1.
    92 | D        | Noticed an iguana
    92 | D        | Noticed an iguana
    93 | D        | Reached skill level 8 in Evocations
    93 | D        | Reached XP level 2. HP: 15/15 MP: 9/9
    97 | D        | Killed an iguana
    97 | D        | Reached XP level 3. HP: 7/19 MP: 10/10
    99 | D        | Killed an iguana
    99 | D        | Reached skill level 5 in Fire Magic
   349 | D        | Entered arena 2.
   349 | D        | Noticed a golden eye
   351 | D        | Killed a golden eye
   351 | D        | Reached * piety under Vehumet
   351 | D        | Offered knowledge of Shock by Vehumet.
   351 | D        | Reached XP level 4. HP: 24/24 MP: 12/12
   351 | D        | Reached XP level 5. HP: 28/28 MP: 13/13
   386 | D        | Entered arena 3.
   386 | D        | Noticed an orc wizard
   386 | D        | Noticed an orc wizard
   387 | D        | Killed an orc wizard
   387 | D        | Reached ** piety under Vehumet
   388 | D        | Killed an orc wizard
   423 | D        | Learned a level 5 spell: Fireball
   425 | D        | Entered arena 4.
   425 | D        | Noticed an iron imp
   425 | D        | Noticed a hell hound
   425 | D        | Noticed a crimson imp
   427 | D        | Killed a hell hound
   427 | D        | Reached *** piety under Vehumet
   427 | D        | Reached skill level 9 in Conjurations
   427 | D        | Reached XP level 6. HP: 33/33 MP: 14/14
   434 | D        | Killed an iron imp
   438 | D        | Killed a crimson imp
   445 | D        | Got the amulet of Jef Gir {+Inv rF- rN+ Regen+ Stlth+}
   454 | D        | Identified the Guide on Curses and the Compass (You found it in the Dungeon)
   640 | D        | Entered arena 5.
   640 | D        | Noticed a deep elf summoner
   640 | D        | Noticed a deep elf conjurer
   640 | D        | Noticed a deep elf mage
   640 | D        | Noticed a deep elf fighter
   640 | D        | Noticed a deep elf conjurer
   641 | D        | Killed a deep elf mage
   641 | D        | Offered knowledge of Searing Ray by Vehumet.
   641 | D        | Reached **** piety under Vehumet
   641 | D        | Reached skill level 10 in Conjurations
   641 | D        | Reached skill level 10 in Fire Magic
   641 | D        | Reached XP level 7. HP: 37/37 MP: 15/15
   642 | D        | Killed a deep elf fighter
   642 | D        | Reached skill level 11 in Conjurations
   642 | D        | Killed a deep elf conjurer
   642 | D        | Reached skill level 12 in Conjurations
   642 | D        | Reached XP level 8. HP: 36/42 MP: 16/16
   643 | D        | Noticed a demonic crawler
   643 | D        | Killed a deep elf summoner
   643 | D        | Reached skill level 13 in Conjurations
   644 | D        | Killed a deep elf conjurer
   644 | D        | Reached skill level 14 in Conjurations
   644 | D        | Reached XP level 9. HP: 28/46 MP: 13/17
   799 | D        | Entered arena 6.
   799 | D        | Noticed a guardian mummy
   799 | D        | Noticed a guardian mummy
   801 | D        | Offered knowledge of Throw Frost by Vehumet.
   801 | D        | Reached ***** piety under Vehumet
   801 | D        | Killed a guardian mummy
   803 | D        | Killed a guardian mummy
  1010 | D        | Entered arena 7.
  1010 | D        | Noticed a death cob
  1010 | D        | Noticed a draconian
  1010 | D        | Noticed a draconian
  1010 | D        | Noticed a draconian
  1010 | D        | Noticed a purple draconian
  1010 | D        | Noticed a draconian
  1015 | D        | Killed a draconian
  1015 | D        | Offered knowledge of Iskenderun's Mystic Blast by Vehumet.
  1016 | D        | HP: 2/46 [death cob (26)]
  1019 | D        | Killed a death cob
  1019 | D        | Reached XP level 10. HP: 31/51 MP: 14/25
  1020 | D        | Killed a draconian
  1020 | D        | Reached ****** piety under Vehumet
  1022 | D        | Killed a draconian
  1022 | D        | Reached skill level 10 in Spellcasting
  1028 | D        | Killed a draconian
  1029 | D        | Killed a purple draconian
  1300 | D        | Entered arena 8.
  1300 | D        | Noticed a small abomination
  1300 | D        | Noticed a neqoxec
  1300 | D        | Noticed an iron imp
  1300 | D        | Noticed a quasit
  1300 | D        | Noticed a hellion
  1303 | D        | Killed a hellion
  1303 | D        | Offered knowledge of Static Discharge by Vehumet.
  1304 | D        | Killed a small abomination
  1304 | D        | Killed a neqoxec
  1304 | D        | Killed a quasit
  1310 | D        | Killed an iron imp
  1315 | D        | Entered arena 9.
  1315 | D        | Noticed an orc priest
  1315 | D        | Noticed an orc priest
  1315 | D        | Noticed an orc priest
  1315 | D        | Noticed an orc wizard
  1315 | D        | Noticed an orc wizard
  1315 | D        | Noticed an orc priest
  1315 | D        | Noticed an orc priest
  1316 | D        | Killed an orc priest
  1316 | D        | Killed an orc wizard
  1316 | D        | Killed an orc priest
  1316 | D        | Killed an orc priest
  1316 | D        | Killed an orc wizard
  1317 | D        | Killed an orc priest
  1317 | D        | Killed an orc priest
  1325 | D        | Entered arena 10.
  1325 | D        | Noticed a jelly
  1325 | D        | Noticed a jelly
  1325 | D        | Noticed a slime creature
  1325 | D        | Noticed a jelly
  1325 | D        | Noticed a slime creature
  1326 | D        | Killed a jelly
  1327 | D        | Killed a jelly
  1328 | D        | Killed a slime creature
  1328 | D        | Killed a slime creature
  1328 | D        | Reached skill level 15 in Conjurations
  1329 | D        | Killed a jelly
  1530 | D        | Identified Fainiag's Almanac of the Rocks (You found it in the Dungeon)
  1552 | D        | Learned a level 6 spell: Iron Shot
  1559 | D        | Learned a level 6 spell: Deflect Missiles
  1561 | D        | Entered arena 11.
  1561 | D        | Noticed a wight
  1561 | D        | Noticed a wraith
  1561 | D        | Noticed a freezing wraith
  1562 | D        | Killed a wight
  1562 | D        | Offered knowledge of Bolt of Magma by Vehumet.
  1562 | D        | Killed a wraith
  1562 | D        | Reached skill level 1 in Charms
  1562 | D        | Reached skill level 1 in Air Magic
  1562 | D        | Reached skill level 1 in Earth Magic
  1562 | D        | Reached XP level 11. HP: 55/55 MP: 31/31
  1562 | D        | Killed a freezing wraith
  1563 | D        | Noticed an ice devil
  1565 | D        | Killed an ice devil
  1565 | D        | Reached skill level 5 in Charms
  1583 | D        | Learned a level 8 spell: Discord
  1717 | D        | Got the cursed +0 pair of boots "Wetey" {rF+ MR++ rCorr Str-5}
  1730 | D        | Entered arena 12.
  1730 | D        | Noticed a necromancer
  1730 | D        | Noticed a wight
  1731 | D        | Noticed a necromancer
  1731 | D        | Killed a wight
  1731 | D        | Killed a necromancer
  1731 | D        | Reached skill level 16 in Conjurations
  1732 | D        | Noticed a necromancer
  1732 | D        | Killed a necromancer
  1732 | D        | Killed a necromancer
  1732 | D        | Reached skill level 17 in Conjurations
  1841 | D        | Entered arena 13.
  1842 | D        | Noticed a wight
  1842 | D        | Noticed a wight
  1842 | D        | Noticed a wight
  1842 | D        | Noticed a necrophage
  1843 | D        | Killed a wight
  1843 | D        | Offered knowledge of Bolt of Fire by Vehumet.
  1843 | D        | Reached skill level 1 in Hexes
  1843 | D        | Killed a necrophage
  1844 | D        | Noticed a shadow
  1844 | D        | Noticed a wight
  1844 | D        | Noticed a shadow
  1844 | D        | Killed a wight
  1845 | D        | Noticed a skeletal warrior
  1845 | D        | Noticed a skeletal warrior
  1845 | D        | Noticed a vampire
  1846 | D        | Noticed a shadow
  1847 | D        | Killed a shadow
  1847 | D        | Killed a shadow
  1847 | D        | Reached skill level 5 in Hexes
  1847 | D        | Killed a wight
  1848 | D        | Killed a wight
  1849 | D        | Killed a skeletal warrior
  1849 | D        | Killed a shadow
  1850 | D        | Killed a vampire
  1851 | D        | Killed a skeletal warrior
  1851 | D        | Reached skill level 10 in Hexes
  2108 | D        | Entered arena 14.
  2109 | D        | Noticed a greater mummy
  2109 | D        | Noticed a flying skull
  2109 | D        | Noticed a guardian mummy
  2112 | D        | Noticed a guardian mummy
  2112 | D        | Killed a flying skull
  2112 | D        | Offered knowledge of Lee's Rapid Deconstruction by Vehumet.
  2112 | D        | Killed a guardian mummy
  2113 | D        | Noticed a death scarab
  2114 | D        | Killed a guardian mummy
  2114 | D        | Killed a death scarab
  2116 | D        | Noticed a mummy priest
  2119 | D        | Killed a greater mummy
  2119 | D        | Reached skill level 18 in Hexes
  2119 | D        | Reached XP level 12. HP: 21/60 MP: 11/32
  2122 | D        | Killed a mummy priest
  2151 | D        | Identified the Handbook of Lethal Curses (You found it in the Dungeon)
  2336 | D        | Learned a level 4 spell: Throw Icicle
  2343 | D        | Entered arena 15.
  2344 | D        | Noticed a hell hound
  2345 | D        | Noticed a crimson imp
  2345 | D        | Offered knowledge of Bolt of Draining by Vehumet.
  2347 | D        | Noticed a hell knight
  2347 | D        | Noticed a balrug
  2347 | D        | Noticed a hell knight
  2347 | D        | Killed a wight
  2349 | D        | Killed a wight
  2349 | D        | Killed a crimson imp
  2351 | D        | Killed a hell hound
  2352 | D        | Noticed a vampire
  2352 | D        | Killed a balrug
  2352 | D        | Reached skill level 19 in Hexes
  2355 | D        | Killed a hell knight
  2357 | D        | Noticed a red devil
  2357 | D        | Killed a vampire
  2360 | D        | Killed a red devil
  2365 | D        | Killed a hell knight
  2595 | D        | Got the ring "Zevuxaam" {+Fly rN+ MP+9 Str+4}
  2605 | D        | Identified the Compendium of Cankerous Translocation (You found it in the Dungeon)
  2614 | D        | Learned a level 6 spell: Haste
  2626 | D        | Entered arena 16.
  2661 | D        | Noticed a deep elf mage
  2661 | D        | Noticed an octopode
  2661 | D        | Noticed a deep elf blademaster
  2661 | D        | Noticed a deep elf conjurer
  2661 | D        | Noticed a deep elf priest
  2661 | D        | Noticed a deep elf conjurer
  2661 | D        | Noticed a deep elf sorcerer
  2662 | D        | Noticed a deep elf knight
  2662 | D        | Noticed a deep elf mage
  2662 | D        | Noticed a deep elf blademaster
  2662 | D        | Noticed a deep elf annihilator
  2663 | D        | Killed an octopode
  2663 | D        | Offered knowledge of Orb of Destruction by Vehumet.
  2664 | D        | Killed a deep elf mage
  2665 | D        | Killed a deep elf conjurer
  2665 | D        | Killed a deep elf blademaster
  2665 | D        | Reached skill level 20 in Hexes
  2666 | D        | Killed a deep elf blademaster
  2666 | D        | Killed a deep elf conjurer
  2668 | D        | Killed a deep elf mage
  2671 | D        | Noticed a deep elf mage
  2672 | D        | Killed a deep elf mage
  2673 | D        | Noticed a deep elf sorcerer
  2674 | D        | Killed a deep elf sorcerer
  2674 | D        | Reached skill level 21 in Hexes
  2674 | D        | Killed a deep elf sorcerer
  2675 | D        | Killed a deep elf knight
  2678 | D        | Killed a deep elf priest
  2684 | D        | Noticed a deep elf fighter
  2692 | D        | Killed a deep elf fighter
  2698 | D        | Killed a deep elf conjurer
  2698 | D        | Reached skill level 22 in Hexes
  2709 | D        | Killed a deep elf annihilator
  2986 | D        | Identified the Volume of Untold Secrets (You found it in the Dungeon)
  3017 | D        | Entered arena 17.
  3050 | D        | Noticed a slime creature
  3050 | D        | Noticed a jelly
  3050 | D        | Noticed a golden eye
  3050 | D        | Noticed a slime creature
  3050 | D        | Noticed a slime creature
  3050 | D        | Noticed a shining eye
  3050 | D        | Noticed a jelly
  3051 | D        | Killed a slime creature
  3053 | D        | Noticed an acid blob
  3053 | D        | Killed a slime creature
  3053 | D        | Offered knowledge of Freezing Cloud by Vehumet.
  3053 | D        | Killed a shining eye
  3054 | D        | Noticed an azure jelly
  3054 | D        | Noticed an eye of devastation
  3054 | D        | Killed a jelly
  3055 | D        | Noticed a slime creature
  3055 | D        | Killed a jelly
  3056 | D        | Noticed a slime creature
  3056 | D        | Noticed a slime creature
  3056 | D        | Killed a slime creature
  3056 | D        | Killed a slime creature
  3058 | D        | Killed a slime creature
  3058 | D        | Killed an acid blob
  3058 | D        | Reached skill level 15 in Spellcasting
  3058 | D        | Reached XP level 13. HP: 29/64 MP: 13/34
  3058 | D        | Killed a slime creature
  3059 | D        | Killed a golden eye
  3060 | D        | Killed a slime creature
  3060 | D        | Killed an eye of devastation
  3062 | D        | Killed an acid blob
  3069 | D        | Killed an azure jelly
  3269 | D        | Got the cursed +0 robe "Venoann" {*Confuse rPois rC+ MR++}
  3390 | D        | Entered arena 18.
  3423 | D        | Noticed a fire drake
  3423 | D        | Noticed a crocodile
  3423 | D        | Noticed a black mamba
  3423 | D        | Noticed a komodo dragon
  3423 | D        | Noticed a spiny frog
  3423 | D        | Noticed a crocodile
  3423 | D        | Noticed a hippogriff
  3423 | D        | Noticed a crocodile
  3423 | D        | Noticed a black mamba
  3424 | D        | Noticed a yak
  3424 | D        | Killed a blink frog
  3424 | D        | Killed a yak
  3424 | D        | Offered knowledge of Conjure Ball Lightning by Vehumet.
  3425 | D        | Noticed a porcupine
  3425 | D        | Killed a porcupine
  3425 | D        | Killed a crocodile
  3426 | D        | Killed a spiny frog
  3427 | D        | Killed a porcupine
  3428 | D        | Killed a crocodile
  3429 | D        | Killed a porcupine
  3430 | D        | Killed a hippogriff
  3430 | D        | Killed a komodo dragon
  3431 | D        | Killed a crocodile
  3431 | D        | Killed a black mamba
  3433 | D        | Noticed a spiny frog
  3433 | D        | Killed a spiny frog
  3434 | D        | Noticed a black mamba
  3434 | D        | Killed a black mamba
  3435 | D        | Noticed a griffon
  3435 | D        | Noticed a crocodile
  3435 | D        | Noticed an iguana
  3435 | D        | Killed a black mamba
  3435 | D        | Killed a fire drake
  3436 | D        | Killed an iguana
  3436 | D        | Killed a griffon
  3437 | D        | Killed a crocodile
  3442 | D        | Noticed a hippogriff
  3444 | D        | Killed a hippogriff
  3472 | D        | Identified the Almanac of Scorching Conjuration (You found it in the Dungeon)
  3621 | D        | Entered arena 19.
  3653 | D        | Noticed a necrophage
  3653 | D        | Noticed a shadow
  3653 | D        | Noticed a skeletal warrior
  3653 | D        | Noticed a shadow
  3653 | D        | Noticed a wight
  3653 | D        | Noticed a lich
  3653 | D        | Noticed a necromancer
  3656 | D        | Offered knowledge of Fire Storm by Vehumet.
  3656 | D        | Offered knowledge of Glaciate by Vehumet.
  3656 | D        | Offered knowledge of Tornado by Vehumet.
  3657 | D        | Killed a wight
  3658 | D        | Killed a shadow
  3661 | D        | Noticed a shadow
  3661 | D        | Killed a skeletal warrior
  3661 | D        | Reached skill level 15 in Fire Magic
  3662 | D        | Killed a shadow
  3662 | D        | Killed a shadow
  3664 | D        | Noticed a shadow
  3664 | D        | Noticed a lich
  3664 | D        | Noticed a tentacled monstrosity
  3664 | D        | Killed a necrophage
  3664 | D        | Killed a shadow
  3666 | D        | Killed a lich
  3666 | D        | Killed a necromancer
  3667 | D        | Noticed a necromancer
  3667 | D        | Noticed a necromancer
  3667 | D        | Killed a necromancer
  3670 | D        | Noticed a wight
  3672 | D        | Noticed a wight
  3673 | D        | Killed a lich
  3673 | D        | Reached skill level 15 in Dodging
  3674 | D        | Killed a necromancer
  3677 | D        | Killed a wight
  3677 | D        | Killed a wight
  3713 | D        | Noticed an eldritch tentacle
  3714 | D        | Killed an eldritch tentacle
  4002 | D        | Learned a level 9 spell: Fire Storm
  4038 | D        | Entered arena 20.
  4038 | D        | Noticed a vampire
  4041 | D        | Killed a vampire
  4044 | D        | Noticed a Shadow Fiend
  4044 | D        | Noticed a shadow dragon
  4044 | D        | Noticed a shadow dragon
  4044 | D        | Noticed a shadow dragon
  4046 | D        | Noticed a shadow dragon
  4047 | D        | Killed a shadow dragon
  4048 | D        | Killed a Shadow Fiend
  4048 | D        | Killed a shadow dragon
  4048 | D        | Killed a soul eater
  4048 | D        | Killed a soul eater
  4050 | D        | Noticed a ghoul
  4052 | D        | Killed a ghoul
  4052 | D        | Killed a shadow dragon
  4052 | D        | Reached XP level 14. HP: 29/68 MP: 26/39
  4052 | D        | Killed a shadow dragon
  4057 | D        | Noticed a Shadow Fiend
  4063 | D        | Noticed a soul eater
  4066 | D        | Killed a soul eater
  4067 | D        | Killed a Shadow Fiend
  4405 | D        | Entered arena 21.
  4411 | D        | Noticed a slime creature
  4411 | D        | Noticed a slime creature
  4411 | D        | Noticed a slime creature
  4411 | D        | Noticed a shining eye
  4411 | D        | Noticed a slime creature
  4411 | D        | Noticed an azure jelly
  4411 | D        | Noticed a giant orange brain
  4412 | D        | Killed a shining eye
  4412 | D        | Killed a slime creature
  4412 | D        | Killed an azure jelly
  4412 | D        | Killed a jelly
  4412 | D        | Killed a slime creature
  4412 | D        | Killed a giant orange brain
  4412 | D        | Killed a death ooze
  4412 | D        | Killed a death ooze
  4412 | D        | Killed a jelly
  4413 | D        | Noticed an eye of devastation
  4413 | D        | Noticed an acid blob
  4413 | D        | Noticed a slime creature
  4413 | D        | Noticed a great orb of eyes
  4413 | D        | Killed a slime creature
  4413 | D        | Killed a slime creature
  4413 | D        | Killed an eye of devastation
  4413 | D        | Killed a slime creature
  4413 | D        | Killed a slime creature
  4414 | D        | Noticed a slime creature
  4414 | D        | Noticed a death ooze
  4414 | D        | Noticed an acid blob
  4414 | D        | Killed a death ooze
  4414 | D        | Killed a great orb of eyes
  4414 | D        | Killed a slime creature
  4415 | D        | Killed a shining eye
  4415 | D        | Killed an acid blob
  4417 | D        | Noticed an azure jelly
  4417 | D        | Killed an acid blob
  4423 | D        | Killed a slime creature
  4426 | D        | Noticed a death ooze
  4427 | D        | Killed a death ooze
  4427 | D        | Killed an azure jelly
  4427 | D        | Killed a slime creature
  4428 | D        | Noticed an azure jelly
  4428 | D        | Killed a jelly
  4432 | D        | Killed an azure jelly
  4432 | D        | Reached skill level 23 in Fire Magic
  4432 | D        | Killed an acid blob
  4432 | D        | Killed an eye of devastation
  4706 | D        | Entered arena 22.
  4713 | D        | Noticed a vampire
  4713 | D        | Noticed an ice dragon
  4713 | D        | Noticed a wraith
  4713 | D        | Noticed an ice devil
  4713 | D        | Noticed an ice beast
  4713 | D        | Noticed a wraith
  4713 | D        | Noticed a skeletal warrior
  4713 | D        | Noticed an ice devil
  4716 | D        | Killed an ice devil
  4716 | D        | Killed an ice beast
  4716 | D        | Killed an ice devil
  4716 | D        | Killed a vampire
  4716 | D        | Killed a flying skull
  4716 | D        | Reached skill level 5 in Ice Magic
  4716 | D        | Killed a wraith
  4716 | D        | Killed a flying skull
  4716 | D        | Killed an ice devil
  4716 | D        | Killed a freezing wraith
  4717 | D        | Killed a skeletal warrior
  4717 | D        | Killed an ice devil
  4717 | D        | Killed a wraith
  4717 | D        | Killed an ice dragon
  4733 | D        | Noticed an ice devil
  4734 | D        | Noticed a skeletal warrior
  4734 | D        | Killed a skeletal warrior
  4734 | D        | Killed an ice devil
  4734 | D        | Reached skill level 10 in Ice Magic
  4738 | D        | Noticed a shard shrike
  4739 | D        | Killed a shard shrike
  4739 | D        | Reached XP level 15. HP: 33/72 MP: 37/40
  4740 | D        | Noticed a flying skull
  4740 | D        | Noticed a blue devil
  4740 | D        | Noticed a blizzard demon
  4741 | D        | Noticed a freezing wraith
  4741 | D        | Killed a freezing wraith
  4741 | D        | Killed a flying skull
  4741 | D        | Killed a blizzard demon
  4741 | D        | Killed a blue devil
  4748 | D        | Learned a level 3 spell: Regeneration
  4944 | D        | Got the -5 helmet of the Cicada {Regen+ Dex+3}
  4989 | D        | Learned a level 9 spell: Glaciate
  5010 | D        | Entered arena 23.
  5017 | D        | Noticed a warg
  5017 | D        | Noticed an orc high priest
  5017 | D        | Noticed an orc warlord
  5017 | D        | Noticed a moth of wrath
  5017 | D        | Noticed an orc warlord
  5018 | D        | Noticed a stone giant
  5018 | D        | Noticed a stone giant
  5018 | D        | Killed a moth of wrath
  5018 | D        | Killed an orc high priest
  5018 | D        | Killed a stone giant
  5018 | D        | Killed a warg
  5018 | D        | Killed a two-headed ogre
  5019 | D        | Killed a moth of wrath
  5019 | D        | Killed an orc knight
  5019 | D        | Reached skill level 15 in Ice Magic
  5020 | D        | Killed an orc warlord
  5020 | D        | Killed a stone giant
  5022 | D        | Noticed an orc warlord
  5022 | D        | Killed an orc warlord
  5023 | D        | Noticed an orc knight
  5027 | D        | Noticed an orc sorcerer
  5027 | D        | Killed a warg
  5028 | D        | Noticed an orc warlord
  5028 | D        | Killed an orc warlord
  5028 | D        | Killed an orc knight
  5028 | D        | Killed an orc sorcerer
  5028 | D        | Killed a stone giant
  5038 | D        | Killed an orc warlord
  5136 | D        | Noticed a stone giant
  5146 | D        | Killed a stone giant
  5214 | D        | Entered arena 24.
  5221 | D        | Noticed a cyclops
  5221 | D        | Noticed a stone giant
  5221 | D        | Noticed a merfolk javelineer
  5221 | D        | Noticed a centaur warrior
  5221 | D        | Noticed a cyclops
  5221 | D        | Noticed a cyclops
  5221 | D        | Noticed a yaktaur captain
  5221 | D        | Noticed a stone giant
  5221 | D        | Noticed a stone giant
  5221 | D        | Noticed a merfolk javelineer
  5221 | D        | Noticed a stone giant
  5221 | D        | Noticed a yaktaur
  5221 | D        | Noticed a centaur
  5221 | D        | Noticed a centaur warrior
  5221 | D        | Noticed a centaur warrior
  5222 | D        | Noticed a stone giant
  5222 | D        | Noticed a cyclops
  5222 | D        | Noticed a stone giant
  5222 | D        | Killed a centaur warrior
  5222 | D        | Reached skill level 5 in Air Magic
  5222 | D        | Killed a yaktaur
  5222 | D        | Killed a stone giant
  5222 | D        | Killed a cyclops
  5222 | D        | Killed a cyclops
  5222 | D        | Killed a cyclops
  5222 | D        | Killed a merfolk javelineer
  5222 | D        | Killed a yaktaur captain
  5223 | D        | Noticed a stone giant
  5223 | D        | Noticed a stone giant
  5223 | D        | Noticed a merfolk javelineer
  5223 | D        | Noticed a centaur
  5223 | D        | Noticed a deep elf master archer
  5223 | D        | Killed a centaur
  5223 | D        | Killed a centaur warrior
  5223 | D        | Reached skill level 10 in Air Magic
  5223 | D        | Killed a centaur
  5223 | D        | Killed a centaur warrior
  5223 | D        | Killed a centaur warrior
  5223 | D        | Killed a merfolk javelineer
  5223 | D        | Killed a deep elf master archer
  5223 | D        | Killed a cyclops
  5224 | D        | Noticed a centaur warrior
  5224 | D        | Noticed a deep elf master archer
  5224 | D        | Killed a stone giant
  5224 | D        | Killed a merfolk javelineer
  5224 | D        | Killed a merfolk javelineer
  5224 | D        | Killed a centaur warrior
  5224 | D        | Killed a stone giant
  5224 | D        | Reached skill level 15 in Air Magic
  5224 | D        | Killed a yaktaur
  5224 | D        | Killed a cyclops
  5224 | D        | Killed a merfolk javelineer
  5224 | D        | Killed a centaur
  5225 | D        | Noticed a centaur warrior
  5225 | D        | Noticed a yaktaur captain
  5225 | D        | Killed a stone giant
  5225 | D        | Killed a yaktaur captain
  5225 | D        | Killed a deep elf master archer
  5225 | D        | Killed a stone giant
  5225 | D        | Killed a cyclops
  5225 | D        | Reached XP level 16. HP: 49/77 MP: 41/41
  5225 | D        | Killed a yaktaur captain
  5225 | D        | Killed a yaktaur
  5225 | D        | Killed a centaur warrior
  5225 | D        | Killed a deep elf master archer
  5226 | D        | Killed a cyclops
  5226 | D        | Killed a centaur warrior
  5227 | D        | Killed a stone giant
  5227 | D        | Killed a stone giant
  5228 | D        | Noticed a cyclops
  5228 | D        | Noticed a stone giant
  5233 | D        | Killed a cyclops
  5235 | D        | Killed a stone giant
  5235 | D        | Killed a merfolk javelineer
  5235 | D        | Killed a stone giant
  5246 | D        | Noticed a stone giant
  5248 | D        | Noticed a stone giant
  5251 | D        | Killed a stone giant
  5251 | D        | Killed a yaktaur
  5251 | D        | Killed a stone giant
  5345 | D        | Learned a level 9 spell: Tornado
  5360 | D        | Got the amulet of Xom's Ringing Laughter {Regen+ Int+3 SInv}
  5413 | D        | Got the cursed ring of Salvation {rPois EV-5}
  5449 | D        | Entered arena 25.
  5458 | D        | Noticed a mottled draconian
  5458 | D        | Noticed an Orb Guardian
  5458 | D        | Noticed a mottled draconian
  5458 | D        | Noticed a moth of wrath
  5458 | D        | Noticed a fire dragon
  5458 | D        | Noticed a black draconian
  5458 | D        | Noticed a purple draconian
  5458 | D        | Noticed an Orb Guardian
  5458 | D        | Noticed an Orb Guardian
  5458 | D        | Noticed a black draconian
  5458 | D        | Noticed a yellow draconian
  5458 | D        | Noticed a red draconian
  5458 | D        | Noticed a green draconian
  5458 | D        | Noticed a fire dragon
  5459 | D        | Noticed an Orb Guardian
  5459 | D        | Noticed a yellow draconian
  5459 | D        | Noticed an Orb Guardian
  5459 | D        | Noticed an Orb Guardian
  5459 | D        | Noticed a fire dragon
  5459 | D        | Noticed a tentacled monstrosity
  5459 | D        | Noticed an Orb Guardian
  5459 | D        | Killed a yellow draconian
  5459 | D        | Killed an Orb Guardian
  5459 | D        | Killed a moth of wrath
  5459 | D        | Killed a yellow draconian scorcher
  5459 | D        | Killed a yellow draconian
  5459 | D        | Killed an Orb Guardian
  5459 | D        | Killed an Orb Guardian
  5460 | D        | Noticed a storm dragon
  5460 | D        | Noticed an Orb Guardian
  5460 | D        | Killed a yellow draconian
  5460 | D        | Killed a yellow draconian
  5461 | D        | Noticed a storm dragon
  5461 | D        | Noticed a red draconian
  5461 | D        | Noticed a black draconian
  5461 | D        | Killed a storm dragon
  5461 | D        | Killed a black draconian
  5461 | D        | Killed a black draconian
  5461 | D        | Killed a purple draconian
  5461 | D        | Killed a ghost moth
  5461 | D        | Killed an Orb Guardian
  5461 | D        | Killed an Orb Guardian
  5461 | D        | Killed a black draconian
  5461 | D        | Killed an Orb Guardian
  5462 | D        | Noticed a red draconian
  5462 | D        | Noticed a black draconian
  5462 | D        | Killed an Orb Guardian
  5462 | D        | Reached skill level 24 in Spellcasting
  5462 | D        | Killed a mottled draconian
  5462 | D        | Killed a fire dragon
  5462 | D        | Killed a fire dragon
  5462 | D        | Killed a fire dragon
  5462 | D        | Killed a red draconian
  5462 | D        | Killed a black draconian
  5462 | D        | Reached skill level 25 in Spellcasting
  5463 | D        | Noticed an Orb Guardian
  5463 | D        | Noticed an Orb Guardian
  5463 | D        | Noticed an Orb Guardian
  5463 | D        | Killed an Orb Guardian
  5463 | D        | Killed a tentacled monstrosity
  5463 | D        | Reached XP level 17. HP: 45/81 MP: 48/48
  5463 | D        | Killed an Orb Guardian
  5463 | D        | Reached skill level 26 in Spellcasting
  5463 | D        | Killed a red draconian
  5463 | D        | Killed a yellow draconian shifter
  5463 | D        | Killed a green draconian
  5463 | D        | Killed a black draconian
  5464 | D        | Noticed a storm dragon
  5464 | D        | Noticed a fire dragon
  5465 | D        | Killed a mottled draconian
  5474 | D        | Killed a storm dragon
  5476 | D        | Noticed an Orb Guardian
  5476 | D        | Killed an Orb Guardian
  5476 | D        | Killed an Orb Guardian
  5477 | D        | Killed an Orb Guardian
  5477 | D        | Killed a red draconian
  5483 | D        | Noticed a purple draconian
  5485 | D        | Noticed a white draconian
  5487 | D        | Noticed a purple draconian
  5487 | D        | Killed a white draconian
  5487 | D        | Killed a purple draconian
  5487 | D        | Killed a purple draconian
  5487 | D        | HP: 3/81 [the Majin-Bo (9)]
  5489 | D        | Killed a purple draconian
  5510 | D        | Noticed a moth of wrath
  5515 | D        | Noticed a black draconian
  5532 | D        | Noticed a green draconian
  5537 | D        | Killed a green draconian
  5596 | D        | Killed a moth of wrath
  5608 | D        | Noticed a mottled draconian
  5614 | D        | Killed a mottled draconian
  5614 | D        | Reached skill level 27 in Spellcasting
  5629 | D        | Killed a storm dragon
  5631 | D        | Noticed a Killer Klown
  5638 | D        | Killed a Killer Klown
  5651 | D        | Killed a black draconian
  5652 | D        | Noticed a black draconian caller
  5748 | D        | Killed a fire dragon
  5751 | D        | Noticed a black draconian
  5753 | D        | Killed a black draconian caller
  5754 | D        | Killed a black draconian
  5810 | D        | Got the amulet of Kikubaaqudgha's Favour {Stasis Str+3 Int+3}
  5870 | D        | Entered arena 26.
  5878 | D        | Noticed a demonic crawler
  5878 | D        | Noticed a hornet
  5878 | D        | Noticed a jumping spider
  5879 | D        | Noticed a spider
  5879 | D        | Noticed a tarantella
  5879 | D        | Noticed a trapdoor spider
  5879 | D        | Noticed a trapdoor spider
  5879 | D        | Noticed an orb spider
  5879 | D        | Killed a trapdoor spider
  5879 | D        | Killed a hornet
  5879 | D        | Killed a jumping spider
  5879 | D        | Killed a trapdoor spider
  5879 | D        | Killed an orb spider
  5879 | D        | Reached skill level 10 in Earth Magic
  5879 | D        | Killed a demonic crawler
  5879 | D        | Killed a trapdoor spider
  5879 | D        | Killed a wasp
  5879 | D        | Killed a ghost moth
  5880 | D        | Noticed a jumping spider
  5880 | D        | Noticed a wolf spider
  5880 | D        | Noticed a wasp
  5880 | D        | Noticed a jumping spider
  5880 | D        | Noticed a demonic crawler
  5880 | D        | Noticed a moth of wrath
  5880 | D        | Noticed a hornet
  5880 | D        | Noticed a tarantella
  5880 | D        | Killed a moth of wrath
  5880 | D        | Killed a hornet
  5880 | D        | Killed a tarantella
  5880 | D        | Killed a moth of wrath
  5880 | D        | Killed an orb spider
  5880 | D        | Killed an entropy weaver
  5880 | D        | Noticed a demonic crawler
  5881 | D        | Noticed a demonic crawler
  5881 | D        | Noticed a trapdoor spider
  5881 | D        | Noticed a tarantella
  5881 | D        | Noticed a wasp
  5881 | D        | Noticed a jumping spider
  5881 | D        | Killed a demonic crawler
  5881 | D        | Killed a tarantella
  5881 | D        | Killed a tarantella
  5881 | D        | Killed a demonic crawler
  5881 | D        | Killed a trapdoor spider
  5881 | D        | Killed a wasp
  5881 | D        | Killed a ghost moth
  5881 | D        | Killed a hornet
  5881 | D        | Killed a spider
  5881 | D        | Killed a trapdoor spider
  5882 | D        | Noticed a jumping spider
  5882 | D        | Noticed a wolf spider
  5882 | D        | Noticed a tarantella
  5882 | D        | Killed a wolf spider
  5882 | D        | Killed a wolf spider
  5882 | D        | Killed a demonic crawler
  5882 | D        | Reached skill level 27 in Dodging
  5882 | D        | Killed a wasp
  5882 | D        | Killed a demonic crawler
  5882 | D        | Killed a wolf spider
  5882 | D        | Killed a hornet
  5882 | D        | Killed a jumping spider
  5882 | D        | Killed a tarantella
  5883 | D        | Noticed a hornet
  5883 | D        | Noticed a wasp
  5884 | D        | Killed a jumping spider
  5884 | D        | Killed a jumping spider
  5885 | D        | Noticed a redback
  5885 | D        | Noticed a demonic crawler
  5887 | D        | Noticed a trapdoor spider
  5887 | D        | Noticed a wasp
  5887 | D        | Killed a hornet
  5887 | D        | Killed a trapdoor spider
  5887 | D        | Killed a demonic crawler
  5887 | D        | Killed a jumping spider
  5887 | D        | Killed a wasp
  5888 | D        | Noticed a demonic crawler
  5888 | D        | Killed a demonic crawler
  5888 | D        | Killed a wasp
  5890 | D        | Killed a redback
  5890 | D        | Killed a moth of wrath
  5891 | D        | Killed a trapdoor spider
  5897 | D        | Slain by a jumping spider

Action                   |  1- 3 |  4- 6 |  7- 9 | 10-12 | 13-15 | 16-18 || total
-------------------------+-------+-------+-------+-------+-------+-------++-------
Melee: Quarterstaff      |     5 |    20 |       |     7 |     4 |     1 ||    37
 Cast: Fireball          |       |       |    10 |    46 |    30 |       ||    86
       Iron Shot         |       |       |       |    11 |    10 |    17 ||    38
       Deflect Missiles  |       |       |       |     1 |     1 |       ||     2
       Throw Icicle      |       |       |       |    11 |     1 |       ||    12
       Discord           |       |       |       |     5 |     3 |       ||     8
       Haste             |       |       |       |     3 |     7 |     2 ||    12
       Fire Storm        |       |       |       |       |    19 |    17 ||    36
       Glaciate          |       |       |       |       |     1 |     8 ||     9
       Regeneration      |       |       |       |       |     1 |     2 ||     3
Evoke: Wand              |     2 |     9 |       |     3 |       |       ||    14
       Phial of floods   |       |       |     1 |       |       |       ||     1
  Use: Potion            |     1 |     1 |     4 |    14 |    11 |     2 ||    33
       Scroll            |       |       |     1 |       |     2 |     1 ||     4
  Eat: Fruit             |     2 |     3 |       |       |       |       ||     5
       Chunk             |       |       |     2 |       |       |       ||     2
       Meat ration       |       |       |       |     3 |     1 |       ||     4
       Royal jelly       |       |       |       |       |     3 |       ||     3
       Bread ration      |       |       |       |       |     1 |       ||     1
